 Dungeon Crawl Stone Soup version 0.21.0 (webtiles) character file.

335 Hekarica the Magician (level 6, -1/32 HPs)
             Began as a Deep Elf Summoner on May 21, 2018.
             Was a Believer of Qazlal.
             Slain by a howler monkey (3 damage)
             ... on level 4 of the Dungeon.
             The game lasted 00:45:02 (4232 turns).

Hekarica the Magician (Deep Elf Summoner)           Turns: 4232, Time: 00:45:03

Health: -1/32      AC:  6    Str:  2 (5)  XL:     6   Next: 28%
Magic:  14/16      EV: 12    Int: 18 (20) God:    Qazlal [**....]
Gold:   183        SH:  3    Dex: 16 (17) Spells: 6/16 levels left

rFire    + . .     SeeInvis .   o - +0 dagger "Tiphadutto" {flame, -Tele rElec rC++} (curse)
rCold    + + .     Gourm    .   (no shield)
rNeg     . . .     Faith    .   g - +1 leather armour
rPois    .         Spirit   .   (no helmet)
rElec    +         Reflect  .   k - +1 cloak
rCorr    .         Harm     .   (no gloves)
MR       .....     NoTele   +   (no boots)
Stlth    ++........             (no amulet)
HPRegen  0.10/turn              (no ring)
MPRegen  0.15/turn              j - ring of protection from fire

@: no status effects
A: no striking features
a: Upheaval, Renounce Religion


You were on level 4 of the Dungeon.
You worshipped Qazlal.
Qazlal was pleased with you.
You were not hungry.

You visited 1 branch of the dungeon, and saw 4 of its levels.

You collected 183 gold pieces.

Inventory:

Hand Weapons
 a - a +2 dagger of draining
 b - a +2 flail of protection
 d - a +2 vampiric hand axe
 n - a +2 dagger of electrocution
 o - the cursed +0 dagger "Tiphadutto" (weapon) {flame, -Tele rElec rC++}
   (You took it off a gnoll on level 4 of the Dungeon)

   It has been specially enchanted to burn those struck by it, causing extra
   injury to most foes and up to half again as much damage against particularly
   susceptible opponents.
   It greatly protects you from cold.
   It insulates you from electricity.
   It prevents most forms of teleportation.
   It has a curse placed upon it.
Missiles
 m - 12 tomahawks (quivered)
Armour
 g - a +1 leather armour (worn)
 k - a +1 cloak (worn)
Jewellery
 j - a ring of protection from fire (right hand)
Scrolls
 f - a scroll of fog
 l - a scroll of immolation
Potions
 h - a potion of curing
Books
 s - a book of Callings

   Spells                             Type                      Level
   a - Summon Small Mammal            Summoning                    1
   b - Call Imp                       Summoning                    2
   c - Call Canine Familiar           Summoning                    3
   d - Summon Guardian Golem          Hexes/Summoning              3
   e - Summon Lightning Spire         Summoning/Air                4
   f - Summon Ice Beast               Ice/Summoning                4
Comestibles
 c - 4 rations
 i - a chunk of flesh


   Skills:
 - Level 0.2 Fighting
 - Level 0.4 Armour
 + Level 3.5 Dodging
 + Level 3.7 Stealth
 * Level 5.8 Spellcasting
 - Level 5.6 Summonings
 * Level 2.0 Ice Magic


You had 6 spell levels left.
You knew the following spells:

 Your Spells              Type           Power        Failure   Level  Hunger
a - Call Imp              Summ           ####....     4%          2    None
b - Call Canine Familiar  Summ           ####....     8%          3    ##.....
c - Summon Small Mammal   Summ           ####         2%          1    None
d - Summon Ice Beast      Ice/Summ       ###.....     50%         4    ####...


Dungeon Overview and Level Annotations

Branches:
Dungeon (4/15)
 Temple: D:4-7

Altars:
Cheibriados
Qazlal
Trog

Annotations:
D:4 Matudinoluver's ghost, weakling SpCj


Message History

The howler monkey is severely wounded.
Your hound misses Matudinoluver's ghost.
The howler monkey misses you.
Matudinoluver's ghost barely misses your hound.
The frilled lizard bites your hound.
Your hound misses Matudinoluver's ghost.
You hit the howler monkey. You burn the howler monkey.
The howler monkey is almost dead.
The howler monkey hits you.
* * * LOW HITPOINT WARNING * * *
Matudinoluver's ghost barely misses your hound.
Your hound closely misses Matudinoluver's ghost.
The howler monkey hits you but does no damage.
The frilled lizard barely misses your hound.
You barely miss the howler monkey.
The howler monkey is almost dead.
Your hound bites Matudinoluver's ghost but does no damage.
Matudinoluver's ghost closely misses your hound.
The howler monkey hits you.
You die...

......... .. .......#
.. .... ###.......##.
....##...........
...W............
...h....... ...
.......... #.#
......... #@#
........#####h#
#......Wh.Wh#.........
#.........l.#....#...
#...................
..#.)................#
.....................#
.....................#
#.........##..........#


You could see a howler monkey, Matudinoluver's ghost, a frilled lizard and a
friendly hound.

Vanquished Creatures
  2 orc wizards (D:4)
  A worker ant (D:4)
  A hound skeleton (D:4)
  An adder (D:2)
  A leopard gecko (D:4)
  5 orcs
  A bat (D:1)
  A giant cockroach (D:4)
  2 goblins
  A hobgoblin (D:4)
  A kobold (D:2)
  A rat (D:1)
18 creatures vanquished.

Vanquished Creatures (collateral kills)
  An ogre (D:4)
  The ghost of AzureDefiance the Sneak, a weakling MiEn of Yredelemnul (D:3)
  An orc priest (D:3)
  3 orc wizards (D:3)
  A worker ant (D:4)
  A gnoll (D:4)
  3 adders
  An ooze (D:4)
  4 worms
  4 dart slugs
  2 leopard geckos (D:3)
  17 orcs
  6 bats
  6 giant cockroaches
  7 goblins
  9 hobgoblins
  2 jackals (D:1)
  9 kobolds
  2 quokkas
  2 frilled lizards
  A jackal skeleton (D:4)
  4 rats
87 creatures vanquished.

Vanquished Creatures (others)
  An orc wizard (D:3)
1 creature vanquished.

Grand Total: 106 creatures vanquished

Notes
Turn   | Place    | Note
-------+----------+-------------------------------------------
     0 | D:1      | Hekarica the Deep Elf Summoner began the quest for the Orb.
     0 | D:1      | Reached XP level 1. HP: 10/10 MP: 6/6
   391 | D:1      | Reached XP level 2. HP: 2/15 MP: 4/8
  1514 | D:2      | Reached XP level 3. HP: 12/19 MP: 7/10
  2156 | D:2      | Found a bloodstained altar of Trog.
  2305 | D:3      | Noticed AzureDefiance's ghost (weakling MiEn)
  2324 | D:3      | Killed AzureDefiance's ghost
  2324 | D:3      | Reached skill level 5 in Summonings
  2359 | D:3      | Learned a level 3 spell: Call Canine Familiar
  2362 | D:3      | Learned a level 2 spell: Call Imp
  2468 | D:3      | Reached XP level 4. HP: 21/24 MP: 4/12
  2929 | D:3      | Reached XP level 5. HP: 19/28 MP: 5/14
  2954 | D:3      | Learned a level 1 spell: Summon Small Mammal
  2967 | D:3      | Found a faded altar of an unknown god.
  2990 | D:3      | Became a worshipper of Qazlal Stormbringer
  2990 | D:3      | Reached * piety under Qazlal
  3282 | D:3      | Found a snail-covered altar of Cheibriados.
  3429 | D:3      | Reached skill level 5 in Spellcasting
  3634 | D:3      | Learned a level 4 spell: Summon Ice Beast
  3679 | D:4      | Noticed Matudinoluver's ghost (weakling SpCj)
  3683 | D:4      | Noticed an ogre
  3861 | D:4      | Reached ** piety under Qazlal
  3884 | D:4      | Reached skill level 1 in Ice Magic
  4037 | D:4      | Killed an ogre
  4037 | D:4      | Reached XP level 6. HP: 15/32 MP: 2/16
  4073 | D:4      | Got an encrusted dagger {flame}
  4145 | D:4      | Identified the cursed +0 dagger "Tiphadutto" {flame, -Tele rElec rC++} (You took it off a gnoll on level 4 of the Dungeon)
  4232 | D:4      | Slain by a howler monkey

Skill      XL: |  1  2  3  4  5  6 |
---------------+-------------------+-----
Spellcasting   | 4 5 |  5.8
Summonings     | 5 |  5.6
Stealth        | 3 |  3.7
Dodging        | 3 |  3.5
Ice Magic      | 1 2 |  2.0
Fighting       | |  0.2
Armour         | |  0.4

Action                   |  1- 3 |  4- 6 || total
-------------------------+-------+-------++-------
Melee: Unarmed           |     5 |       ||     5
       Whip              |    32 |    10 ||    42
       Dagger            |       |    23 ||    23
       Flail             |       |    28 ||    28
Throw: Tomahawk          |       |     1 ||     1
 Cast: Summon Small Mamm |    72 |    12 ||    84
       Call Imp          |     2 |    30 ||    32
       Call Canine Famil |     2 |    20 ||    22
  Use: Scroll            |     2 |    11 ||    13
       Potion            |       |     5 ||     5
 Stab: Sleeping          |     1 |       ||     1
  Eat: Ration            |     2 |     1 ||     3
       Chunk             |       |     1 ||     1
Armor: Leather armour    |    17 |    35 ||    52
Dodge: Dodged            |    40 |    81 ||   121
Block: Other             |       |     7 ||     7
